 Dungeon Crawl Stone Soup version 0.27-a0-899-ge2d0b17c59 (webtiles) character file.

Game seed: 5665139938916946101

89 mhtbhm the Skirmisher (level 4, -9/29 HPs)
             Began as a Gargoyle Fighter on Apr 5, 2021.
             Was a Believer of the Shining One.
             Mangled by a wight
             ... wielding a +0 morningstar
              (12 damage)
             ... on level 5 of the Dungeon.
             The game lasted 00:01:42 (1508 turns).

mhtbhm the Skirmisher (Gargoyle Fighter)            Turns: 1508, Time: 00:01:43

Health: -9/29      AC: 10    Str: 20    XL:     4   Next: 55%
Magic:  4/4        EV: 11    Int:  9    God:    the Shining One [**....]
Gold:   58         SH:  9    Dex:  9    Spells: 3/3 levels left

rFire    . . .     SeeInvis .   a - +0 flail
rCold    . . .     Faith    .   c - +0 kite shield
rNeg     + + .     Spirit   .   b - +0 scale mail
rPois    ∞         Reflect  .   (no helmet)
rElec    +         Harm     .   (no cloak)
rCorr    .         Rampage  .   (no gloves)
Will     .....                  (no boots)
Stlth    ..........             (no amulet)
HPRegen  0.09/turn              g - +4 ring of evasion
MPRegen  0.09/turn              (no ring)

@: hasted, glowing, very quick
A: AC +3, negative energy resistance 1, electricity resistance, torment
resistance 1, unbreathing 1, petrification resistance
a: Renounce Religion, Divine Shield


You were on level 5 of the Dungeon.
You worshipped the Shining One.
The Shining One was pleased with you.
You visited 1 branch of the dungeon, and saw 4 of its levels.

You collected 58 gold pieces.

Inventory:

Hand Weapons
 a - a +0 flail (weapon)
Armour
 b - a +0 scale mail (worn)
 c - a +0 kite shield (worn)
Jewellery
 g - a +4 ring of evasion (left hand)
Wands
 k - a wand of polymorph (7)
Scrolls
 f - a scroll of immolation {unknown}
 j - a scroll of vulnerability {unknown}
 l - a scroll of fear {unknown}
 m - a scroll of holy word {unknown}
 n - a scroll of enchant armour {unknown}
Potions
 d - a potion of might
 e - a potion of haste
 h - a potion of flight {unknown}


   Skills:
 + Level 3.9 Fighting
 + Level 3.3 Maces & Flails
 + Level 3.6 Armour
 + Level 0.4 Dodging
 + Level 3.9 Shields


You had 3 spell levels left.
You didn't know any spells.
Your spell library contained the following spells:

 Spells                   Type           Power      Damage    Failure   Level
 Sandblast                Erth           0%         2d4       99%         1
 Passwall                 Tmut/Erth      0%         N/A       100%        2
 Stone Arrow              Conj/Erth      0%         3d7       100%        3
 Petrify                  Tmut/Erth      0%         N/A       100%        4
 Lee's Rapid Deconstruct  Erth           0%         3d5*      100%        5


Dungeon Overview and Level Annotations

Branches:
Dungeon (3/15)

Altars:
The Shining One


Innate Abilities, Weirdness & Mutations

Your stone body is resilient. (AC +3)
You are immune to poison.
You resist negative energy. (rN+)
You are resistant to electric shocks. (rElec)
You are resistant to unholy torment.
You can survive without breathing.
You are immune to petrification.


Message History

You are too injured to fight recklessly!
You are too injured to fight recklessly!
You are too injured to fight recklessly!
You are too injured to fight recklessly!
You are too injured to fight recklessly!
You are too injured to fight recklessly!
You are too injured to fight recklessly!
Unknown command.
The wight hits you with a +4 flail.
You can now call upon the Shining One for a divine shield.
A white imp comes into view.
The white imp shouts, "Escape, thou foisting ill-nurtured bounder!"
The white imp gestures at you. The puff of frost hits you.
* * * LOW HITPOINT WARNING * * *
Unknown command.
It was a potion of haste.
You feel yourself speed up. The white imp gestures at you.
You block the puff of frost. The wight closely misses you.
You block the wight's attack.
Unknown command.
It was a potion of curing.
You feel better. You block the white imp's attack.
The wight hits you with a +4 flail.
You feel better.
You feel better.
The white imp hits you but does no damage.
The wight hits you with a +4 flail!
You sock the white imp!
The white imp is almost dead.
The wight hits you with a +0 morningstar!
The white imp hits you.
* * * LOW HITPOINT WARNING * * *
The white imp freezes you.
* * * LOW HITPOINT WARNING * * *
You block the wight's attack.
Unknown command.
Your shield prevents you from hitting the white imp.
The white imp is almost dead.
The wight hits you with a +0 morningstar!
You die...

.(. ≈.# ≈≈#
########≈.#
#.......≈.#
#########.......≈≈#
......5@zz......≈≈#..#
########z........≈≈<.#
#z........≈≈≈.#
##+#..........≈..# ..
#................# ...
#.........#####..#
...# #.>.......# .#
...+.........+ #
##.#..(......#


You could see 4 wights and a white imp.

Vanquished Creatures
  A howler monkey zombie (D:5)
  2 adders (D:2)
  8 ball pythons
  5 endoplasms
  3 giant cockroaches
  6 goblins
  2 hobgoblins
  4 jackals
  A kobold (D:1)
  5 quokkas
  6 bats
  4 frilled lizards
  7 rats
54 creatures vanquished.

Notes
Turn   | Place    | Note
-------+----------+-------------------------------------------
     0 | D:1      | mhtbhm the Gargoyle Fighter began the quest for the Orb.
     0 | D:1      | Reached XP level 1. HP: 14/14 MP: 1/1
   234 | D:1      | Reached XP level 2. HP: 19/19 MP: 2/2
   561 | D:1      | Found a faded altar of an unknown god.
   576 | D:1      | Became a worshipper of the Shining One
   576 | D:1      | Reached * piety under the Shining One
   639 | D:1      | Reached XP level 3. HP: 22/23 MP: 3/3
  1011 | D:2      | Reached XP level 4. HP: 26/29 MP: 4/4
  1351 | D:3      | You fall into a shaft and drop 2 floors!
  1351 | D:5      | Entered Level 5 of the Dungeon
  1499 | D:5      | Reached ** piety under the Shining One
  1508 | D:5      | Mangled by a wight

Illustrated notes

Levels and vault maps discovered:
D:1:      mainiacjoe_arrival_reflecting_pool, layout_basic,
          chequers_ecumenical_altar_twisty, chequers_serial_rivers_micro_a
D:2:      layout_rooms, minmay_tromino_v2
D:3:      layout_basic, nicolae_overflow_crystal_walls, elyvilon_altar_3,
          serial_shops, shop_statue, due_unseen_surprise
D:5:      layout_basic, serial_shops, shop_fountains,
          chequers_serial_rivers_small_a, uniq_pikel

Skill      XL: |  1  2  3  4 |
---------------+-------------+-----
Maces & Flails | 3 |  3.3
Fighting       | |  3.9
Armour         | |  3.6
Dodging        | |  0.4
Shields        | |  3.9

Action                   |  1- 3 |  4- 6 || total
-------------------------+-------+-------++-------
Melee: Flail             |   115 |    50 ||   165
  Use: Potion            |       |     4 ||     4
Armor: Scale mail        |    92 |    21 ||   113
Dodge: Dodged            |    39 |    39 ||    78
Block: Kite shield       |    77 |    29 ||   106

Table legend: (Time is in decaauts)
 A = Elapsed time spent in this place.
 B = Non-inter-level travel time spent in this place.
 C = Inter-level travel time spent in this place.
 D = Time resting spent in this place.
 E = Time spent auto-exploring this place.
 F = Levels seen in this place.
 G = Mean time per level.
                   A        B        C        D        E       F      G
               +--------+--------+--------+--------+--------+-----+--------+
         Total |   1589 |   1589 |      0 |      0 |   1179 |   4 |  397.2 |
       Dungeon |   1589 |   1589 |      0 |      0 |   1179 |   4 |  397.2 |
               +--------+--------+--------+--------+--------+-----+--------+

Top non-repeatable levels by time:
     D:1: 716 daAuts
     D:2: 547 daAuts
     D:3: 164 daAuts
     D:5: 161 daAuts
